 Dungeon Crawl Stone Soup version 0.30-a0-341-g682706514a (webtiles) character file.

Game seed: 7866641884449435573

176273 koil the Spry (level 17, -7/95 HPs)
             Began as a Spriggan Enchanter on Nov 3, 2022.
             Was the Champion of Makhleb.
             Mangled by Saint Roka
             ... wielding a +0 great sword
              (26 damage)
             ... on level 4 of the Snake Pit on Nov 4, 2022.
             The game lasted 05:08:40 (38006 turns).

koil the Spry (Spriggan Enchanter)                 Turns: 38006, Time: 05:08:41

Health: -7/95      AC: 21    Str:  6    XL:     17   Next: 50%
Magic:  28/33      EV: 34    Int: 24    God:    Makhleb [******]
Gold:   354        SH:  5    Dex: 22    Spells: 4/39 levels left

rFire   x . .      SeeInvis +    a - +8 quick blade (protect)
rCold   + + +      Faith    .    (no shield)
rNeg    + . .      Spirit   .    K - +4 troll leather armour
rPois   .          Reflect  +    X - +2 hat
rElec   +          Harm     .    q - +2 cloak
rCorr   +          Rampage  .    (gloves unavailable)
Will    +++..      Rnd*Tele +    (boots unavailable)
Stlth   +++++++...               e - amulet of reflection
HPRegen 1.15/turn                H - ring of Sin {Ice rElec rCorr Str-4 Stlth+}
MPRegen 0.23/turn                N - ring of Liberalism {Drain rC++ rN+ Will+ Str+2 Dex+4}

@: under a protective aura, very quick
A: very small, no large weapons, unfitting armour, see invisible, speed 3,
antennae 1, thin skeletal structure 2, shaggy fur 1, strong 1, teleportitis 1
a: Renounce Religion, Minor Destruction, Lesser Servant of Makhleb, Major
Destruction, Greater Servant of Makhleb


You were on level 4 of the Snake Pit.
You worshipped Makhleb.
Makhleb was exalted by your worship.
You visited 7 branches of the dungeon, and saw 30 of its levels.
You also visited: Bailey.

You collected 4618 gold pieces.
You spent 4264 gold pieces at shops.

Inventory:

Hand Weapons
 a - a +8 quick blade of protection (weapon)
 b - a +0 arbalest of freezing
 D - the +11 rapier of Responsibility {freeze, Drain +Blink rElec Dex+7}
   (You found it on level 13 of the Dungeon)

   It freezes those it strikes, dealing additional cold damage.
   It can also slow down cold-blooded creatures.
   Dex:       It affects your dexterity (+7).
   rElec:     It insulates you from electricity.
   +Blink:    It lets you blink.
   Drain:     It drains your maximum health when unequipped.
Missiles
 o - 18 poisoned darts
 z - 2 throwing nets
 A - 12 curare-tipped darts
Armour
 q - a +2 cloak (worn)
 C - a +2 robe of cold resistance
 K - a +4 troll leather armour (worn)
 X - a +2 hat (worn)
Jewellery
 e - an amulet of reflection (around neck)
 g - an amulet of magic regeneration
 s - a ring of poison resistance
 t - a ring of willpower
 G - a ring of protection from fire
 H - the ring of Sin (left hand) {Ice rElec rCorr Str-4 Stlth+}
   (You bought it in a shop on level 2 of the Orcish Mines)

   [ring of ice]

   It enhances your ice magic.
   Str:       It affects your strength (-4).
   rF:        It makes you vulnerable to fire.
   rC:        It protects you from cold.
   rElec:     It insulates you from electricity.
   rCorr:     It protects you from acid and corrosion.
   Stlth:     It makes you more stealthy.
 M - a ring of resist corrosion
 N - the ring of Liberalism (right hand) {Drain rC++ rN+ Will+ Str+2 Dex+4}
   (You bought it in a shop on level 2 of the Orcish Mines)

   [ring of positive energy]

   Str:       It affects your strength (+2).
   Dex:       It affects your dexterity (+4).
   rC:        It greatly protects you from cold.
   rN:        It protects you from negative energy.
   Drain:     It drains your maximum health when unequipped.
   Will:      It increases your willpower.
 Q - a ring of magical power
 T - a ring of protection from cold
Wands
 u - a wand of flame (18)
 x - a wand of quicksilver (5)
 y - a wand of digging (18)
 I - a wand of iceblast (2)
 P - a wand of charming (18)
 V - a wand of mindburst (12)
Scrolls
 d - a scroll of silence
 k - 8 scrolls of fear
 n - 12 scrolls of teleportation
 r - 6 scrolls of poison
 w - 2 scrolls of summoning
 J - 5 scrolls of torment
 L - 6 scrolls of magic mapping
 S - 5 scrolls of immolation
 U - 2 scrolls of vulnerability
 Z - a scroll of fog
Potions
 c - 2 potions of invisibility
 f - 3 potions of heal wounds
 h - 11 potions of curing
 i - 5 potions of flight
 j - 5 potions of cancellation
 l - a potion of berserk rage
 m - 5 potions of lignification
 p - 2 potions of ambrosia
 v - 4 potions of might
 B - 2 potions of haste
 E - 4 potions of brilliance
 F - 4 potions of magic
 O - 2 potions of mutation
 W - a potion of attraction
 Y - a potion of resistance


   Skills:
 + Level 13.3 Fighting
 - Level 8.0 Short Blades
 + Level 12.6 Ranged Weapons
 + Level 20.0 Dodging
 - Level 8.0 Stealth
 + Level 11.6 Spellcasting
 + Level 5.5 Conjurations
 - Level 7.0 Hexes
 - Level 7.0 Fire Magic
 + Level 6.5 Air Magic
 - Level 6.0 Poison Magic
 + Level 6.8 Invocations


You had 4 spell levels left.
You knew the following spells:

 Your Spells              Type           Power      Damage    Failure   Level
a - Ensorcelled Hibernat  Hex/Ice        92%        N/A       2%          2
b - Scorch                Fire           94%        2d9       1%          2
c - Confusing Touch       Hex            47%        N/A       1%          3
d - Dazzling Flash        Conj/Hex       88%        N/A       1%          3
e - Flame Wave            Conj/Fire      44%        2d11      5%          4
f - Slow                  Hex            100%       N/A       1%          1
g - Ignite Poison         Fire/Tmut/Pois 34%        N/A       3%          3
h - Cause Fear            Hex            23%        N/A       3%          4
i - Olgreb's Toxic Radia  Pois           42%        N/A       6%          4
j - Airstrike             Air            22%        2d(4-20)  4%          4
k - Lightning Bolt        Conj/Air       21%        1d36      16%         5

Your spell library contained the following spells:

 Spells                   Type           Power      Damage    Failure   Level
 Magic Dart               Conj           100%       1d8       1%          1
 Shock                    Conj/Air       100%       1d9       1%          1
 Cigotuvi's Dreadful Rot  Necr/Pois/Air  68%        N/A       1%          2
 Searing Ray              Conj           80%        2d7       1%          2
 Swiftness                Air            45%        N/A       1%          3
 Tukima's Dance           Hex            47%        N/A       1%          3
 Vhi's Electric Charge    Tloc/Air       58%        N/A       5%          3
 Fulminant Prism          Conj/Hex       22%        3d12      5%          4
 Sticky Flame             Conj/Fire      44%        2d6       5%          4
 Apportation              Tloc           28%        N/A       7%          1
 Anguish                  Hex/Necr       15%        N/A       16%         4
 Summon Lightning Spire   Summ/Air       29%        N/A       19%         4
 Teleport Other           Tloc           14%        N/A       21%         3
 Animate Armour           Summ/Erth      28%        N/A       56%         4
 Dispel Undead            Necr           14%        3d10      56%         4
 Arcjolt                  Conj/Air       21%        1d31      16%         5
 Summon Mana Viper        Hex/Summ       30%        N/A       41%         5
 Alistair's Intoxication  Tmut/Pois      18%        N/A       50%         5
 Blade Hands              Tmut           7%         N/A       88%         5
 Enfeeble                 Hex            23%        N/A       97%         7
 Iron Shot                Conj/Erth      13%        9d3       98%         6
 Death Channel            Necr           7%         N/A       100%        6
 Summon Cactus Giant      Summ           7%         N/A       100%        6
 Ozocubu's Refrigeration  Ice            10%        4d9       100%        7
 Borgnjor's Revivificati  Necr           7%         N/A       100%        8
 Ignition                 Fire           23%        3d8       100%        8
 Lehudib's Crystal Spear  Conj/Erth      13%        10d5      100%        8
 Maxwell's Capacitive Co  Air            22%        ∞         100%        8
 Necromutation            Tmut/Necr      7%         N/A       100%        8
 Death's Door             Necr           7%         N/A       100%        9


Dungeon Overview and Level Annotations

Branches:
Dungeon (15/15)            Temple (1/1) D:7            Lair (5/5) D:11
  Swamp (1/4) Lair:2        Snake (4/4) Lair:3        Slime (0/5) Lair:4
    Orc (2/2) D:12            Elf (2/3) Orc:2        Vaults (0/5) D:13
 Depths (0/4) D:15         Bailey (visited)

Altars:
Ashenzari
Cheibriados
Dithmenos
Elyvilon
Fedhas
Gozag
Hepliaklqana
Kikubaaqudgha
Makhleb
Nemelex Xobeh
Okawaru
Qazlal
Ru
Sif Muna
Trog
Uskayaw
Vehumet
Wu Jian
Xom
Yredelemnul
Zin
The Shining One
Jiyva

Shops:
D:2 :   D:6 :*   D:13 :   Orc:1 (   Orc:2 (=[[   Elf:1 :*[*   Snake:1 =*:?

Annotations:
D:15 1 runed translucent door
Snake:4 2 transporters, Nikola; Pebbae's ghost, adept DsGl; Saint Roka
Elf:2 Donald


Innate Abilities, Weirdness & Mutations

You are very small and have problems with some larger weapons.
You are too small for most types of armour.
You have supernaturally acute eyesight. (SInv)
You cover ground extremely quickly. (Speed+++)
You have a pair of small antennae on your head.
You have a moderately thin skeletal structure. (Dex +4, Stealth++)
You are covered in fur. (AC +1)
Your muscles are strong. (Str +4, Int/Dex -1)
You are occasionally teleported next to monsters.


Message History

You hit Saint Roka but do no damage.
Saint Roka appears confused.
Saint Roka is lightly wounded.
Saint Roka hits you with a +0 great sword!
You hit Saint Roka but do no damage.
Saint Roka is lightly wounded.
You puncture Saint Roka!
Saint Roka is lightly wounded.
You hit Saint Roka but do no damage.
Saint Roka is lightly wounded.
The orc priest calls upon Beogh to heal Saint Roka.
Saint Roka is healed somewhat.
Saint Roka misses you.
You puncture Saint Roka!
Saint Roka is lightly wounded.
You strike the helpless Saint Roka from behind!
You impale Saint Roka!!
Saint Roka is moderately wounded.
You catch the helpless Saint Roka completely off-guard!
You puncture Saint Roka!
Saint Roka is moderately wounded.
Saint Roka completely misses you.
You hit Saint Roka.
Saint Roka is moderately wounded.
You catch the helpless Saint Roka completely off-guard!
You puncture Saint Roka!
Saint Roka is heavily wounded.
You puncture Saint Roka!
Saint Roka is heavily wounded.
You hit Saint Roka.
Saint Roka is heavily wounded.
Saint Roka hits you with a +0 great sword!!
* * * LOW HITPOINT WARNING * * *
You hit Saint Roka but do no damage.
Saint Roka is heavily wounded.
You strike the helpless Saint Roka from behind!
You puncture Saint Roka!
Saint Roka is heavily wounded.
You hit Saint Roka but do no damage.
Saint Roka is heavily wounded.
Saint Roka hits you with a +0 great sword!!
You die...

....###......# #...#########...
###.# #......#
###.......†....... # #.#
#......# #.................
.######......#
#.......####....#.
..##.........#
#..$....#######...
..N#.###.#######.........###
##.. #..'.#
#..)....#########...####..
#..'.###.....).#######
#.....)...
{#...).†..)[oo@))..###.#.######
#..###......#####.[.....#####
#### #......#####.##........#
####.).......§#........#
##########.###.#.≈.≈§........#
#..........###.§§..≈#..).....#
#..............#§#≈##........#
#..............#....#........#
#########......#....##########


You could see Saint Roka (confused) and an orc priest.

Vanquished Creatures
  Kirke (D:15)
  A nagaraja (Snake:3)
  Aizul (Snake:4)
  A stone giant (D:15)
  6 deep elf death magi (Elf:1)
  2 vault guards (D:13)
  4 catoblepae
  Erolcha (D:11)
  9 anacondas
  3 hydras (D:14)
  2 centaur warriors
  2 ogre magi (Orc:2)
  A death knight (D:14)
  3 boulder beetles
  Harold (Lair:2)
  11 two-headed ogres
  4 death yaks (Lair:4)
  7 dancing weapons
  4 tengu warriors
  Urug (D:10)
  15 naga warriors
  13 naga sharpshooters
  4 shock serpents
  15 deep elf knights
  Sonja (Lair:1)
  An iron troll (Orc:2)
  4 skeletal warriors (D:15)
  A death drake (shapeshifter) (D:15)
  2 salamander mystics
  3 wizards
  A deep troll (Orc:1)
  3 naga ritualists
  2 orc knights
  20 deep elf pyromancers
  9 mana vipers
  A necromancer (D:13)
  2 orc sorcerers (Orc:1)
  11 deep elf zephyrmancers
  18 ugly things
  5 cyclopes
  2 manticores
  11 salamanders
  21 black mambas
  15 elephants
  16 naga magi
  Maurice (D:12)
  5 guardian serpents
  Maggie (D:6)
  A gargoyle (D:13)
  3 cane toads
  The ghost of NinjaNoafa the Poker, a novice MfGl (D:4)
  An unseen horror (D:11)
  An efreet (D:12)
  8 komodo dragons
  2 rime drakes (Lair:5)
  2 kobold demonologists (D:13)
  3 tengu conjurers
  5 polar bears
  17 trolls
  4 hornets
  7 blink frogs
  10 slime creatures
  10 dream sheep (Lair:5)
  4 air elementals
  A shadow (D:12)
  A water elemental (Elf:1)
  A vampire (D:12)
  50 yaks
  A wraith (D:12)
  4 fire elementals
  19 humans (D:13)
  12 spriggans (Lair:5)
  A wyvern (D:10)
  5 hogs (D:15)
  Grum (D:8)
  A golden eye (shapeshifter) (D:15)
  7 basilisks
  8 vampire mosquitoes
  Edmund (D:5)
  51 nagas
  4 wargs (Orc:2)
  An acid dragon (D:11)
  6 water moccasins
  2 ice beasts
  7 black bears
  23 orc warriors
  A sky beast (D:8)
  A swamp drake (D:12)
  25 ogres
  4 boggarts (Lair:5)
  22 wolves
  11 centaurs
  3 kobold brigands
  10 bullfrogs
  An earth elemental (Elf:1)
  A gnoll sergeant (D:12)
  A scorpion (D:7)
  3 necrophages
  16 wights
  8 killer bees
  2 electric eels
  9 howler monkeys
  2 hounds
  5 jellies
  15 orc priests
  Crazy Yiuf (D:5)
  A gnoll bouda (Orc:2)
  2 iguanas
  17 orc wizards
  23 gnolls
  4 adders
  An ufetubus (D:7)
  A worm (D:3)
  A dart slug (D:4)
  109 orcs
  3 endoplasms
  3 giant cockroaches (D:1)
  7 goblins
  6 hobgoblins
  4 jackals (D:2)
  11 kobolds
  2 quokkas
  A ball python (D:1)
  4 bats
  2 frilled lizards
  5 rats
902 creatures vanquished.

Vanquished Creatures (collateral kills)
  A hornet (Lair:5)
1 creature vanquished.

Vanquished Creatures (others)
  2 deep elf zephyrmancers
  A naga mage (Snake:3)
  2 fire elementals
  A water elemental (Elf:1)
  A naga (Snake:1)
  15 fungi
  19 plants
41 creatures vanquished.

Grand Total: 944 creatures vanquished

Notes
Turn   | Place    | Note
-------+----------+-------------------------------------------
     0 | D:1      | koil the Spriggan Enchanter began the quest for the Orb.
     0 | D:1      | Reached XP level 1. HP: 9/9 MP: 5/5
   170 | D:1      | Reached XP level 2. HP: 8/13 MP: 6/6
   173 | D:1      | Learned a level 2 spell: Ensorcelled Hibernation
   346 | D:1      | Reached skill level 3 in Dodging
   730 | D:2      | Found a faded altar of an unknown god.
   753 | D:2      | Reached XP level 3. HP: 11/17 MP: 8/8
   824 | D:2      | Found a shimmering altar of Xom.
  1270 | D:2      | Found Itiyforchil's Book Emporium.
  1585 | D:3      | Reached skill level 1 in Fighting
  1585 | D:3      | Reached skill level 5 in Stealth
  1585 | D:3      | Reached XP level 4. HP: 22/22 MP: 10/10
  2092 | D:4      | Learned a level 2 spell: Scorch
  2098 | D:4      | Noticed a necrophage
  2138 | D:4      | Killed a necrophage
  2139 | D:4      | Reached XP level 5. HP: 15/25 MP: 11/11
  2143 | D:4      | Learned a level 3 spell: Confusing Touch
  2147 | D:4      | Learned a level 3 spell: Dazzling Flash
  2214 | D:4      | Noticed an ogre
  2231 | D:4      | Killed an ogre
  2232 | D:4      | Reached skill level 4 in Dodging
  2232 | D:4      | Reached skill level 1 in Fire Magic
  2290 | D:4      | Found a large runed translucent door.
  2290 | D:4      | Found a large runed translucent door.
  2301 | D:4      | Reached XP level 6. HP: 30/30 MP: 9/13
  2369 | D:4      | Found a stormy altar of Qazlal.
  3034 | D:4      | Noticed NinjaNoafa's ghost (novice MfGl)
  3091 | D:4      | Killed NinjaNoafa's ghost
  3092 | D:4      | Reached skill level 5 in Dodging
  3092 | D:4      | Reached skill level 5 in Hexes
  3092 | D:4      | Reached XP level 7. HP: 20/35 MP: 5/15
  3184 | D:5      | Entered Level 5 of the Dungeon
  3250 | D:5      | Noticed Edmund
  3292 | D:5      | Killed Edmund
  3293 | D:5      | Reached skill level 5 in Spellcasting
  3368 | D:5      | Reached XP level 8. HP: 31/39 MP: 14/16
  3440 | D:5      | Reached skill level 6 in Dodging
  3969 | D:5      | Found a runed translucent door.
  3970 | D:5      | Noticed Crazy Yiuf
  3977 | D:5      | Killed Crazy Yiuf
  4038 | D:5      | Identified a scroll of acquirement
  4038 | D:5      | Acquired a +5 quick blade of protection
  4281 | D:6      | Found a broken altar of Ashenzari.
  4464 | D:6      | Noticed Maggie
  4495 | D:6      | Killed Maggie
  4766 | D:6      | Found Ytysmig's Assorted Antiques.
  4784 | D:6      | Reached skill level 5 in Short Blades
  4784 | D:6      | Reached skill level 7 in Dodging
  4790 | D:6      | Bought a scroll of enchant weapon for 255 gold pieces
  5114 | D:6      | Found Ocil's Book Shoppe.
  5204 | D:7      | Reached XP level 9. HP: 45/45 MP: 15/19
  5968 | D:7      | Found a staircase to the Ecumenical Temple.
  5977 | Temple   | Entered the Ecumenical Temple
  6390 | Temple   | Became a worshipper of Makhleb the Destroyer
  6681 | D:8      | Reached skill level 8 in Dodging
  6924 | D:8      | You fall into a shaft and drop 2 floors!
  6924 | D:10     | Entered Level 10 of the Dungeon
  7083 | D:10     | Found a flagged portal.
  7095 | Bailey   | Entered a bailey
  7185 | Bailey   | Reached * piety under Makhleb
  7379 | Bailey   | Noticed an orc knight
  7403 | Bailey   | Killed an orc knight
  7404 | Bailey   | Reached skill level 5 in Fighting
  7404 | Bailey   | Reached XP level 10. HP: 19/51 MP: 23/23
  7660 | D:8      | Noticed Grum
  7672 | D:8      | Killed Grum
  7673 | D:8      | Reached skill level 9 in Dodging
  7784 | D:8      | Reached skill level 5 in Fire Magic
  8230 | D:9      | Reached ** piety under Makhleb
  8332 | D:9      | Noticed a two-headed ogre
  8340 | D:9      | Killed a two-headed ogre
  8341 | D:9      | Reached skill level 1 in Conjurations
  8488 | D:9      | Reached skill level 10 in Dodging
  8789 | D:9      | Learned a level 4 spell: Flame Wave
  8879 | D:10     | Noticed a two-headed ogre
  8893 | D:10     | Killed a two-headed ogre
  8894 | D:10     | Reached XP level 11. HP: 54/56 MP: 25/25
  9101 | D:10     | Noticed Urug
  9120 | D:10     | Killed Urug
 10016 | D:11     | Reached skill level 11 in Dodging
 10016 | D:11     | Reached skill level 10 in Spellcasting
 10074 | D:11     | Found a staircase to the Lair.
 10108 | D:11     | Reached *** piety under Makhleb
 10140 | D:11     | Noticed Erolcha
 10148 | D:11     | Killed Erolcha
 10468 | D:11     | Gained mutation: You occasionally lose the ability to drink
                  | potions when taking damage. [potion of mutation]
 10468 | D:11     | Gained mutation: You are partially covered in iridescent
                  | scales. (AC +2) [potion of mutation]
 10468 | D:11     | Gained mutation: You are occasionally teleported next to
                  | monsters. [potion of mutation]
 10469 | D:11     | Lost mutation: You occasionally lose the ability to drink
                  | potions when taking damage. [potion of mutation]
 10469 | D:11     | Lost mutation: You are partially covered in iridescent
                  | scales. (AC +2) [potion of mutation]
 10469 | D:11     | Lost mutation: You are occasionally teleported next to
                  | monsters. [potion of mutation]
 10469 | D:11     | Gained mutation: You are robust. (+10% HP) [potion of
                  | mutation]
 10469 | D:11     | Gained mutation: Your mind is acute. (Int +4, Str/Dex -1)
                  | [potion of mutation]
 10469 | D:11     | Gained mutation: Your spells are a little harder to cast,
                  | but a little more powerful. [potion of mutation]
 10469 | D:11     | Gained mutation: You are resistant to electric shocks.
                  | (rElec) [potion of mutation]
 10487 | D:12     | Noticed a green ugly thing
 10493 | D:12     | Killed a green ugly thing
 10708 | D:12     | Noticed a wizard
 10711 | D:12     | Noticed a wizard
 10712 | D:12     | Killed a wizard
 10757 | D:12     | Noticed Maurice
 10775 | D:12     | Killed Maurice
 10786 | D:12     | Noticed a deep elf zephyrmancer
 10787 | D:12     | Noticed a deep elf pyromancer
 10795 | D:12     | Killed a deep elf pyromancer
 10796 | D:12     | Reached skill level 12 in Dodging
 10802 | D:12     | Got the Incunabulum of Plaster Cramp
 10810 | D:12     | Got the Spellbook of Dhcmrlchtdj
 10818 | D:12     | Killed a wizard
 10822 | D:12     | Got Ts'ui Pên's Secrets of Forking Paths
 11126 | D:12     | Reached XP level 12. HP: 70/70 MP: 27/27
 11234 | D:12     | Found a staircase to the Orcish Mines.
 11241 | D:12     | Reached **** piety under Makhleb
 11840 | Temple   | Learned a level 1 spell: Slow
 12410 | D:2      | Bought an Everburning Encyclopedia for 432 gold pieces
 12414 | D:2      | Learned a level 3 spell: Ignite Poison
 12609 | Lair:1   | Entered Level 1 of the Lair of Beasts
 12653 | D:11     | Reached skill level 1 in Ranged Weapons
 12653 | D:11     | Reached skill level 1 in Invocations
 12726 | D:11     | Reached skill level 5 in Conjurations
 12870 | Lair:1   | Reached skill level 13 in Dodging
 13224 | Lair:1   | Noticed Sonja
 13248 | Lair:1   | Killed Sonja
 13487 | Lair:2   | Noticed Harold
 13511 | Lair:2   | Killed Harold
 13563 | Lair:2   | Identified the +9 flail of Courage {vorpal, Int+2}
 13938 | Lair:2   | Found a staircase to the Swamp.
 14315 | Swamp:1  | Entered Level 1 of the Swamp
 14345 | Lair:3   | Reached ***** piety under Makhleb
 14528 | Lair:3   | Found a staircase to the Snake Pit.
 14637 | Lair:3   | Reached XP level 13. HP: 75/75 MP: 19/28
 15402 | Lair:4   | Found a staircase to the Slime Pits.
 15411 | Lair:4   | Found a viscous altar of Jiyva.
 15551 | Lair:4   | Reached skill level 14 in Dodging
 15832 | Lair:4   | Reached skill level 5 in Invocations
 15836 | Lair:4   | Reached skill level 5 in Ranged Weapons
 16461 | Lair:5   | Entered Level 5 of the Lair of Beasts
 17081 | Lair:5   | Reached skill level 15 in Dodging
 17110 | Lair:5   | Reached ****** piety under Makhleb
 17329 | Lair:5   | Learned a level 4 spell: Cause Fear
 17356 | Lair:5   | Acquired 1267 gold pieces
 17500 | Lair:5   | Reached skill level 10 in Fighting
 17684 | Lair:5   | Reached XP level 14. HP: 84/84 MP: 29/29
 18889 | Orc:1    | Entered Level 1 of the Orcish Mines
 19237 | Orc:1    | Found Zocituan's Weapon Emporium.
 19382 | Orc:2    | Entered Level 2 of the Orcish Mines
 19419 | Orc:2    | Found a staircase to the Elven Halls.
 19459 | Orc:1    | Reached skill level 16 in Dodging
 19895 | Orc:2    | Found Avex's Antique Armour Emporium.
 19900 | Orc:2    | Found Laepulak's Armour Boutique.
 19923 | Orc:2    | Found Waiwk's Jewellery Shoppe.
 19950 | Orc:2    | Found Lohunac's Antique Weapon Emporium.
 20994 | Orc:2    | Bought the ring of Sin {Ice rElec rCorr Str-4 Stlth+} for
                  | 546 gold pieces
 20994 | Orc:2    | Bought a ring of resist corrosion for 280 gold pieces
 20994 | Orc:2    | Bought the ring of Liberalism {Drain rC++ rN+ Will+ Str+2
                  | Dex+4} for 799 gold pieces
 21028 | Orc:2    | Bought a fine robe for 193 gold pieces
 21028 | Orc:2    | Identified the +2 robe of Oblivion {rElec Str+3} (You
                  | bought it in a shop on level 2 of the Orcish Mines)
 21107 | Elf:1    | Entered Level 1 of the Elven Halls
 21249 | Orc:2    | Reached skill level 17 in Dodging
 21302 | Orc:2    | Paralysed by an air elemental for 1 turns
 21957 | Elf:1    | Reached XP level 15. HP: 91/91 MP: 26/30
 21993 | Elf:1    | Reached skill level 10 in Ranged Weapons
 22282 | Elf:1    | Paralysed by an air elemental for 1 turns
 22652 | Elf:1    | Found Tetwoesm's General Store.
 22654 | Elf:1    | Found Qakk's Assorted Antiques.
 22663 | Elf:1    | Found Izupt's Armour Emporium.
 22664 | Elf:1    | Found Jutuj's Book Emporium.
 22689 | Elf:1    | Reached skill level 18 in Dodging
 22784 | Elf:1    | Bought a wand of quicksilver (3) for 189 gold pieces
 22788 | Elf:1    | Bought the Unrestrained Analects for 484 gold pieces
 22793 | Elf:1    | Learned a level 4 spell: Olgreb's Toxic Radiance
 22800 | Elf:1    | Bought a diamond ring for 185 gold pieces
 23979 | Elf:2    | Reached skill level 1 in Poison Magic
 24348 | Elf:2    | Found a runed translucent gate.
 24349 | Elf:2    | Found a runed translucent gate.
 24352 | Elf:2    | Found a runed translucent gate.
 24594 | D:6      | Bought a book of Air for 308 gold pieces
 24599 | D:6      | Learned a level 4 spell: Airstrike
 25407 | Elf:2    | Reached skill level 1 in Air Magic
 25629 | Elf:2    | Found a radiant altar of Vehumet.
 25702 | Elf:2    | Noticed Donald
 27082 | D:13     | Identified the +11 rapier of Responsibility {freeze, Drain
                  | +Blink rElec Dex+7}
 27093 | D:13     | Found a gate to the Vaults.
 27122 | D:13     | Found Jiukhic's Book Boutique.
 27703 | D:14     | Found a shadowy altar of Dithmenos.
 27783 | D:14     | Found a hide-covered altar of Uskayaw.
 28176 | D:14     | Reached XP level 16. HP: 79/97 MP: 27/31
 29061 | D:15     | Entered Level 15 of the Dungeon
 29305 | D:15     | Found a runed translucent door.
 29342 | D:15     | Noticed Kirke
 29581 | D:15     | Found the +6 lightning scales {swift, rElec}
 29701 | D:15     | Reached skill level 19 in Dodging
 29720 | D:15     | Killed Kirke
 30079 | D:15     | Found a staircase to the Depths.
 30125 | D:15     | Reached skill level 5 in Poison Magic
 30175 | D:15     | Found an iron altar of Okawaru.
 30458 | Snake:1  | Entered Level 1 of the Snake Pit
 30869 | Snake:1  | Reached skill level 5 in Air Magic
 31025 | Snake:1  | Found Hiregiyc's Book Boutique.
 31025 | Snake:1  | Found Rosig's Assorted Antiques.
 31027 | Snake:1  | Found Upnet's Magic Scroll Boutique.
 31031 | Snake:1  | Found Xaidgham's Jewellery Shop.
 31044 | Snake:1  | Bought a purple potion for 21 gold pieces
 31071 | Snake:1  | Bought a scroll of enchant armour for 180 gold pieces
 31071 | Snake:1  | Bought a potion of heal wounds for 120 gold pieces
 34033 | Snake:2  | Identified the +5 spear "Fujushra" {flame, *Noise rElec
                  | MP+9 Int+3}
 34467 | Temple   | Lost mutation: You are resistant to electric shocks.
                  | (rElec) [potion of mutation]
 34467 | Temple   | Lost mutation: Your spells are a little harder to cast, but
                  | a little more powerful. [potion of mutation]
 34467 | Temple   | Lost mutation: You are robust. (+10% HP) [potion of
                  | mutation]
 34467 | Temple   | Gained mutation: Your system is resistant to poisons.
                  | (rPois) [potion of mutation]
 34468 | Temple   | Lost mutation: Your system is resistant to poisons. (rPois)
                  | [potion of mutation]
 34468 | Temple   | Lost mutation: Your mind is acute. (Int +4, Str/Dex -1)
                  | [potion of mutation]
 34468 | Temple   | Gained mutation: You passively map a small area around you.
                  | [potion of mutation]
 34468 | Temple   | Gained mutation: You are partially covered in iridescent
                  | scales. (AC +2) [potion of mutation]
 34468 | Temple   | Gained mutation: Your mind is acute. (Int +4, Str/Dex -1)
                  | [potion of mutation]
 34469 | Temple   | Lost mutation: Your mind is acute. (Int +4, Str/Dex -1)
                  | [potion of mutation]
 34469 | Temple   | Lost mutation: You are partially covered in iridescent
                  | scales. (AC +2) [potion of mutation]
 34469 | Temple   | Gained mutation: You possess an exceptional clarity of
                  | mind. [potion of mutation]
 34469 | Temple   | Gained mutation: You have a pair of small antennae on your
                  | head. [potion of mutation]
 34469 | Temple   | Gained mutation: Your spells are a little harder to cast,
                  | but a little more powerful. [potion of mutation]
 34470 | Temple   | Lost mutation: You possess an exceptional clarity of mind.
                  | [potion of mutation]
 34470 | Temple   | Lost mutation: Your spells are a little harder to cast, but
                  | a little more powerful. [potion of mutation]
 34470 | Temple   | Gained mutation: You are occasionally teleported next to
                  | monsters. [potion of mutation]
 34470 | Temple   | Gained mutation: You passively dampen the noise of your
                  | surroundings. [potion of mutation]
 34470 | Temple   | Gained mutation: Your movements are slightly less
                  | encumbered by armour. (ER -2) [potion of mutation]
 34504 | D:6      | Bought a potion of mutation for 272 gold pieces
 34504 | D:6      | Lost mutation: You passively map a small area around you.
                  | [potion of mutation]
 34504 | D:6      | Lost mutation: Your movements are slightly less encumbered
                  | by armour. (ER -2) [potion of mutation]
 34504 | D:6      | Lost mutation: You passively dampen the noise of your
                  | surroundings. [potion of mutation]
 34504 | D:6      | Gained mutation: You have a somewhat thin skeletal
                  | structure. (Dex +2, Stealth+) [potion of mutation]
 34504 | D:6      | Gained mutation: You are covered in fur. (AC +1) [potion of
                  | mutation]
 34504 | D:6      | Gained mutation: You have a moderately thin skeletal
                  | structure. (Dex +4, Stealth++) [potion of mutation]
 34504 | D:6      | Gained mutation: Your muscles are strong. (Str +4, Int/Dex
                  | -1) [potion of mutation]
 35232 | Snake:3  | Reached XP level 17. HP: 94/95 MP: 30/32
 35532 | Snake:3  | Learned a level 5 spell: Lightning Bolt
 36614 | Snake:4  | Entered Level 4 of the Snake Pit
 37084 | Snake:4  | Noticed Pebbae's ghost (adept DsGl)
 37085 | Snake:4  | Found a transporter.
 37088 | Snake:4  | Found a transporter.
 37179 | Snake:4  | Noticed Aizul
 37283 | Snake:4  | Killed Aizul
 37337 | Snake:4  | Noticed Nikola
 37605 | Snake:4  | Reached skill level 20 in Dodging
 37908 | Snake:4  | Noticed Saint Roka
 38006 | Snake:4  | Mangled by Saint Roka

Illustrated notes

Levels and vault maps discovered:
D:1:      lightli_molten_gateway, layout_loops_ring, serial_glass,
          glass_columns_a, glass_columns_a, hangedman_decor_points,
          grunt_decor_clamped
D:2:      layout_basic, serial_shops, nicolae_shop_crystal, basic_altar,
          basic_ecumenical_altar
D:3:      layout_loops_cross, grunt_decor_mini_mirrors
D:4:      layout_basic, mainiacjoe_overflow_24_doors,
          ebering_ghost_disaster_area
D:5:      layout_loops_cross, uniq_edmund, uniq_crazy_yiuf_cottage
D:6:      layout_rooms, cheibrodos_ashenzari_chains, serial_shops, shop,
          nicolae_shop_hallway_plus, uniq_maggie
D:7:      layout_basic, minmay_temple_entry_poolview
D:8:      layout_loops_ring, hangedman_abyss_or_decor_stagger,
          minmay_diced_spiral, uniq_grum
D:9:      layout_roguey [special_room_orc]
D:10:     layout_basic, enter_bailey_3, minmay_misc_feat_encased, uniq_urug
D:11:     layout_roguey, lair_entry_dummy, uniq_erolcha
D:12:     layout_irregular_city, erik_orc_1, bh_hangedman_babel_library,
          uniq_maurice
D:13:     layout_long_grid, grunt_vaults_entry_tiered, serial_shops, shop
D:14:     layout_cave_pods, nicolae_dithmenos_the_darkroom, minivault_24,
          nicolae_uskayaw_suspiria
D:15:     grunt_enter_depths_snipers, layout_rooms, okawaru_metal_pillars_3,
          chequers_jeans, kennysheep_treasure_room, uniq_kirke
Temple:   mainiacjoe_temple_big_plus
Lair:1:   layout_roguey, uniq_sonja
Lair:2:   layout_cellular_growth, swamp_mist, uniq_harold
Lair:3:   layout_regular_city, guppyfry_snake_entry_garden,
          serial_bayou_shore_a, lemuel_fruit_fields
Lair:4:   layout_cave_pods, minmay_slime_entry_pillars, grunt_megastairs_4,
          serial_bayou_shore_b, infiniplex_staircase_pool, lemuel_fruit_fields,
          serial_bayou_shore_b, lemuel_fruit_tree
Lair:5:   minmay_lair_end_enchanted_forest, layout_regular_city
Swamp:1:  layout_falls_marsh, evilmike_swamp_ruin_house_5,
          cheibrodos_swamp_pet_leeches
Snake:1:  layout_basic, minmay_shoptagon
Snake:2:  layout_grid_maze, nicolae_integral_box
Snake:3:  layout_onion, serial_bayou_pond_a
Snake:4:  johnstein_snake_rune_scales, layout_basic, gammafunk_ghost_arena,
          uniq_nikola, uniq_saint_roka, uniq_aizul
Orc:1:    layout_caves, serial_shops, nicolae_shop_hallway_plus
Orc:2:    st_orc_open, layout_caves
Elf:1:    minmay_elf_arrival_plus, layout_loops_corners,
          minmay_elf_crystal_heptagon, minmay_shop_grid_forest, hex_large,
          drop_trap
Elf:2:    elven_hall_of_blades_hangedman_original
          [nicolae_vaults_blade_armed_guards], layout_gridlike, basic_altar,
          uniq_donald

Skill      XL: |  1  2  3  4  5  6  7  8  9 10 11 12 13 14 15 16 17 |
---------------+----------------------------------------------------+-----
Dodging        | 3 4 5 7 8 10 12 13 15 17 18 19 20 | 20.0
Spellcasting   | 3 4 5 6 8 9 10 11 | 11.6
Hexes          | 4 5 6 7 |  7.0
Fighting       | 1 2 3 5 6 7 8 10 11 12 13 | 13.3
Stealth        | 5 6 7 8 |  8.0
Short Blades   | 2 3 5 6 8 |  8.0
Fire Magic     | 1 2 3 4 5 6 7 |  7.0
Conjurations   | 2 4 5 |  5.5
Ranged Weapons | 4 7 9 11 12 | 12.6
Invocations    | 4 5 6 |  6.8
Poison Magic   | 4 6 |  6.0
Air Magic      | 3 6 |  6.5

Action                   |  1- 3 |  4- 6 |  7- 9 | 10-12 | 13-15 | 16-18 || total
-------------------------+-------+-------+-------+-------+-------+-------++-------
Melee: Dagger            |   115 |    92 |    43 |       |       |       ||   250
       Punch             |       |     1 |     3 |     7 |    32 |    34 ||    77
       Quick blade       |       |       |   221 |   635 |  1882 |  1302 ||  4040
 Fire: Arbalest          |       |       |       |       |   257 |   470 ||   727
Throw: Dart              |       |       |       |     1 |     2 |     3 ||     6
 Cast: Ensorcelled Hiber |     4 |     3 |    56 |   163 |   243 |    28 ||   497
       Scorch            |       |    12 |     8 |     3 |    31 |     4 ||    58
       Confusing Touch   |       |     1 |    16 |    20 |    50 |   105 ||   192
       Flame Wave        |       |       |       |     2 |    24 |     1 ||    27
       Dazzling Flash    |       |       |       |       |     9 |     5 ||    14
       Slow              |       |       |       |       |     5 |       ||     5
       Cause Fear        |       |       |       |       |     1 |     1 ||     2
       Ignite Poison     |       |       |       |       |     2 |     6 ||     8
       Olgreb's Toxic Ra |       |       |       |       |     1 |     4 ||     5
       Airstrike         |       |       |       |       |       |    13 ||    13
       Lightning Bolt    |       |       |       |       |       |     1 ||     1
Invok: Major Destruction |       |       |       |       |     1 |       ||     1
Evoke: Wand              |       |       |       |       |     4 |     5 ||     9
  Use: Scroll            |       |       |    18 |     6 |     6 |     6 ||    36
       Potion            |       |       |     5 |     4 |     1 |    14 ||    24
 Stab: Sleeping          |    12 |    10 |    41 |    95 |    89 |    11 ||   258
       Confused          |       |       |    19 |    23 |    83 |   144 ||   269
       Distracted        |       |       |     1 |     1 |     2 |       ||     4
       Invisible         |       |       |       |       |     9 |     5 ||    14
       Petrified         |       |       |       |       |     2 |       ||     2
Armor: Robe              |    11 |     8 |     4 |       |       |       ||    23
       Steam dragon scal |       |       |    25 |    54 |       |       ||    79
       Troll leather arm |       |       |       |    68 |   239 |    92 ||   399
Dodge: Dodged            |    76 |    49 |   144 |   393 |  1230 |   820 ||  2712
Block: Other             |       |       |       |       |       |   135 ||   135
       Reflection        |       |       |       |       |       |    23 ||    23

Table legend: (Time is in decaauts)
 A = Elapsed time spent in this place.
 B = Non-inter-level travel time spent in this place.
 C = Inter-level travel time spent in this place.
 D = Time resting spent in this place.
 E = Time spent auto-exploring this place.
 F = Levels seen in this place.
 G = Mean time per level.
                   A        B        C        D        E       F      G
               +--------+--------+--------+--------+--------+-----+--------+
         Total |  25248 |  22792 |   2456 |   2855 |   9941 |  31 |  814.5 |
       Dungeon |  10736 |   9090 |   1646 |    540 |   5673 |  15 |  715.7 |
        Temple |    448 |    419 |     29 |     35 |    237 |   1 |  448.0 |
          Lair |   3754 |   3395 |    359 |    166 |   2042 |   5 |  750.8 |
         Swamp |      1 |      1 |      0 |      0 |      0 |   1 |    1.0 |
     Snake Pit |   5056 |   4873 |    183 |   1025 |   1236 |   4 | 1264.0 |
  Orcish Mines |   1746 |   1604 |    142 |    306 |    425 |   2 |  873.0 |
   Elven Halls |   3170 |   3075 |     95 |    671 |    313 |   2 | 1585.0 |
        Bailey |    334 |    334 |      0 |    111 |     13 |   1 |  334.0 |
               +--------+--------+--------+--------+--------+-----+--------+

Top non-repeatable levels by time:
   Elf:1: 1892 daAuts
 Snake:1: 1603 daAuts
 Snake:3: 1446 daAuts
 Snake:2: 1325 daAuts
   Elf:2: 1277 daAuts
   Orc:2: 1202 daAuts
  Lair:5: 1085 daAuts
    D:12: 1040 daAuts
  Lair:4: 935 daAuts
     D:5: 931 daAuts
    D:14: 866 daAuts
     D:4: 833 daAuts
    D:10: 762 daAuts
    D:11: 751 daAuts
     D:9: 715 daAuts
